 Dungeon Crawl Stone Soup version 0.29-a0-330-g52719c12eb (webtiles) character file.

Game seed: 14245252360942117234

2141623 magipi the Executioner (level 27, 223/223 HPs)
             Began as a Gnoll Hunter on May 21, 2020.
             Was the Champion of Makhleb.
             Escaped with the Orb
             ... and 4 runes on May 22, 2022!
             The game lasted 06:25:47 (82368 turns).

magipi the Executioner (Gnoll Hunter)              Turns: 82368, Time: 06:25:47

Health: 223/223    AC: 31    Str: 14    XL:     27
Magic:  41/41      EV: 33    Int: 23    God:    Makhleb [******]
Gold:   4939       SH: 22    Dex: 26    Spells: 24/64 levels left

rFire   + + .      SeeInvis +   a - +9 demon trident (venom)
rCold   + . .      Faith    .   V - +5 kite shield {AC+3}
rNeg    + + .      Spirit   .   o - +6 acid dragon scales
rPois   +          Reflect  .   t - +2 hat {Will+}
rElec   .          Harm     .   Z - +2 cloak {Stlth+}
rCorr   +          Rampage  .   F - +2 pair of gloves {Dex+3}
Will    +++..      Rage     3%  u - +0 pair of boots "Jiphof" {rF++ Will- SInv}
Stlth   +++.......              r - amulet "Izuucoq" {Acrobat rN+ Will+ Dex+6}
HPRegen 0.47/turn               c - ring "Noanau Ucro" {rC+ rN+ EV+4}
MPRegen 0.27/turn               p - ring of poison resistance

@: studying Fire Magic
A: fangs 1, strong nose, distributed training, berserk 2, low MP 1, weak 2,
inability to read while threatened
0: Orb of Zot
}: 4/15 runes: decaying, slimy, silver, gossamer
a: Renounce Religion, Minor Destruction, Lesser Servant of Makhleb, Major
Destruction, Greater Servant of Makhleb


You escaped.
You worshipped Makhleb.
Makhleb was exalted by your worship.
You visited 10 branches of the dungeon, and saw 54 of its levels.
You visited the Abyss 1 time.
You also visited: Ossuary, Gauntlet and Wizlab.

You collected 8635 gold pieces.
You spent 3696 gold pieces at shops.

Inventory:

Hand Weapons
 a - a +9 demon trident of venom (weapon)
   (You took it off Margery on level 3 of the Depths)
 b - a +2 dagger of venom
   (You took it off a deep elf pyromancer on level 1 of the Elven Halls)
Missiles
 h - 2 throwing nets (quivered)
 j - 3 boomerangs
 M - 19 silver javelins
 Q - 6 javelins
 Y - 21 curare-tipped darts
Armour
 o - +6 acid dragon scales (worn)
   (You found it on level 1 of the Vaults)
 t - a +2 hat of willpower (worn)
   (You found it in a wizard's laboratory)
 u - the +0 pair of boots "Jiphof" (worn) {rF++ Will- SInv}
   (You found it in a Gauntlet)

   rF:        It greatly protects you from fire.
   SInv:      It lets you see invisible.
   Will:      It decreases your willpower.
 F - a +2 pair of gloves of dexterity (worn)
   (You bought it in a shop on level 14 of the Dungeon)
 V - a +5 kite shield of protection (worn)
   (You took it off a tengu warrior on level 1 of the Depths)
 Z - a +2 cloak of stealth (worn)
   (You found it on level 4 of the Depths)
Magical Staves
 w - a staff of air
   (You found it on level 1 of the Spider Nest)
Jewellery
 c - the ring "Noanau Ucro" (left hand) {rC+ rN+ EV+4}
   (You found it on level 2 of the Depths)

   [ring of evasion]

   EV:        It affects your evasion (+4).
   rC:        It protects you from cold.
   rN:        It protects you from negative energy.
 f - the ring of Umaext {rF+ Int+3 Dex+4}
   (You found it on level 2 of the Orcish Mines)

   [ring of protection from fire]

   Int:       It affects your intelligence (+3).
   Dex:       It affects your dexterity (+4).
   rF:        It protects you from fire.
 p - a ring of poison resistance (right hand)
   (You bought it in a shop on level 12 of the Dungeon)
 r - the amulet "Izuucoq" (around neck) {Acrobat rN+ Will+ Dex+6}
   (You took it off a deep elf demonologist on level 3 of the Elven Halls)

   [amulet of the acrobat]

   It increases your evasion while moving and waiting.
   Dex:       It affects your dexterity (+6).
   rN:        It protects you from negative energy.
   Will:      It increases your willpower.
 x - an amulet of inaccuracy
   (You took it off a yellow draconian on level 4 of the Realm of Zot)
 O - a +4 ring of evasion
   (You took it off a white draconian on level 5 of the Realm of Zot)
Wands
 d - a wand of digging (4)
   (You took it off Eustachio on level 5 of the Dungeon)
 g - a wand of charming (31)
   (You took it off a centaur on level 14 of the Dungeon)
 n - a wand of paralysis (7)
   (You found it on level 2 of the Spider Nest)
 q - a wand of polymorph (18)
   (You found it on level 2 of the Dungeon)
 C - a wand of flame (70)
   (You found it on level 5 of the Dungeon)
 H - a wand of iceblast (19)
   (You took it off Joseph on level 7 of the Dungeon)
 K - a wand of acid (21)
   (You found it on level 11 of the Dungeon)
Scrolls
 s - 7 scrolls of immolation
 y - 2 scrolls of blinking
 L - 16 scrolls of teleportation
 N - 5 scrolls of fear
 P - a scroll of summoning
 R - 7 scrolls of magic mapping
 S - 7 scrolls of fog
 T - 5 scrolls of holy word
Potions
 k - 24 potions of curing
 l - 16 potions of flight
 m - 7 potions of haste
 z - 2 potions of invisibility
 A - 6 potions of might
 B - 3 potions of cancellation
 D - 2 potions of heal wounds
 E - 5 potions of magic
 G - a potion of berserk rage
 I - 4 potions of ambrosia
 J - 13 potions of mutation
Miscellaneous
 e - a box of beasts
   (You found it on level 12 of the Dungeon)
 i - a phial of floods
   (You found it on level 1 of the Realm of Zot)
 v - a phantom mirror
   (You found it on level 1 of the Vaults)
 U - a tin of tremorstones (2/2)
   (You found it on level 1 of the Lair of Beasts)


   Skills:
 + Level 19.7 Fighting
 + Level 19.3 Short Blades
 + Level 19.3 Long Blades
 + Level 21.7 Axes
 + Level 19.3 Maces & Flails
 + Level 19.3 Polearms
 + Level 19.3 Staves
 + Level 19.3 Slings
 + Level 19.3 Bows
 + Level 19.3 Crossbows
 + Level 20.7 Throwing
 + Level 19.3 Armour
 + Level 19.7 Dodging
 + Level 19.4 Stealth
 + Level 19.3 Shields
 + Level 19.3 Unarmed Combat
 + Level 19.3 Spellcasting
 + Level 16.4 Conjurations
 + Level 16.4 Hexes
 + Level 16.4 Summonings
 + Level 16.4 Necromancy
 + Level 16.4 Translocations
 + Level 16.4 Transmutations
 + Level 17.2 Fire Magic
 + Level 16.4 Ice Magic
 + Level 16.4 Air Magic
 + Level 16.4 Earth Magic
 + Level 16.4 Poison Magic
 + Level 20.8 Invocations
 + Level 19.3 Evocations


You had 24 spell levels left.
You knew the following spells:

 Your Spells              Type           Power      Damage    Failure   Level
a - Apportation           Tloc           100%       N/A       0%          1
b - Blink                 Tloc           100%       N/A       0%          2
c - Freezing Cloud        Conj/Ice/Air   39%        6-21      1%          5
d - Animate Dead          Necr           39%        N/A       1%          4
e - Animate Skeleton      Necr           100%       N/A       0%          1
f - Yara's Violent Unrav  Hex/Tmut       39%        3d16      1%          5
g - Passwall              Tmut/Erth      65%        N/A       0%          2
i - Invisibility          Hex            39%        N/A       1%          6
k - Borgnjor's Vile Clut  Necr/Erth      39%        N/A       1%          5
l - Lee's Rapid Deconstr  Erth           39%        3d20*     1%          5
t - Olgreb's Toxic Radia  Pois           78%        N/A       1%          4

Your spell library contained the following spells:

 Spells                   Type           Power      Damage    Failure   Level
 Corona                   Hex            78%        N/A       0%          1
 Magic Dart               Conj           100%       1d8       0%          1
 Sandblast                Erth           100%       2d20      0%          1
 Shock                    Conj/Air       100%       1d9       0%          1
 Slow                     Hex            100%       N/A       0%          1
 Sting                    Tmut/Pois      100%       1d8       0%          1
 Summon Small Mammal      Summ           100%       N/A       0%          1
 Call Imp                 Summ           78%        N/A       0%          2
 Corpse Rot               Necr/Air       100%       N/A       0%          2
 Ensorcelled Hibernation  Hex/Ice        100%       N/A       0%          2
 Poisonous Vapours        Pois/Air       100%       N/A       0%          2
 Searing Ray              Conj           100%       2d8       0%          2
 Static Discharge         Conj/Air       78%        N/A       0%          2
 Sublimation of Blood     Necr           78%        N/A       0%          2
 Call Canine Familiar     Summ           78%        N/A       0%          3
 Confusing Touch          Hex            78%        N/A       0%          3
 Conjure Flame            Conj/Fire      79%        6-21      0%          3
 Dazzling Flash           Conj/Hex       100%       N/A       0%          3
 Gell's Gravitas          Tloc           78%        N/A       0%          3
 Ignite Poison            Fire/Tmut/Pois 78%        N/A       0%          3
 Mephitic Cloud           Conj/Pois/Air  78%        N/A       0%          3
 Ozocubu's Armour         Ice            78%        N/A       0%          3
 Stone Arrow              Conj/Erth      100%       3d13      0%          3
 Summon Guardian Golem    Hex/Summ       78%        N/A       0%          3
 Swiftness                Air            78%        N/A       0%          3
 Tukima's Dance           Hex            78%        N/A       0%          3
 Vampiric Draining        Necr           78%        2d11      0%          3
 Airstrike                Air            39%        N/A       1%          4
 Fulminant Prism          Conj/Hex       39%        3d18      1%          4
 Ice Form                 Ice/Tmut       78%        N/A       1%          4
 Iskenderun's Mystic Bla  Conj/Tloc      78%        2d16      1%          4
 Passage of Golubria      Tloc           78%        N/A       1%          4
 Petrify                  Tmut/Erth      78%        N/A       1%          4
 Summon Ice Beast         Ice/Summ       78%        N/A       1%          4
 Alistair's Intoxication  Tmut/Pois      52%        N/A       1%          5
 Excruciating Wounds      Necr           39%        N/A       1%          5
 Fireball                 Conj/Fire      39%        3d16      1%          5
 Irradiate                Conj/Tmut      39%        3d26      1%          5
 Lightning Bolt           Conj/Air       39%        1d57      1%          5
 Metabolic Englaciation   Hex/Ice        39%        N/A       1%          5
 Summon Forest            Summ/Tloc      39%        N/A       1%          5
 Summon Mana Viper        Hex/Summ       78%        N/A       1%          5
 Death Channel            Necr           39%        N/A       1%          6
 Dispersal                Tloc           39%        N/A       1%          6
 Eringya's Noxious Bog    Tmut/Pois      39%        N/A       1%          6
 Simulacrum               Ice/Necr       39%        N/A       1%          6
 Starburst                Conj/Fire      39%        6d11      1%          6
 Haunt                    Necr/Summ      39%        N/A       3%          7
 Malign Gateway           Summ/Tloc      39%        N/A       3%          7
 Ozocubu's Refrigeration  Ice            39%        4d12      3%          7
 Summon Hydra             Summ           39%        N/A       3%          7
 Ignition                 Fire           40%        3d12      22%         8
 Borgnjor's Revivificati  Necr           39%        N/A       30%         8
 Disjunction              Tloc           39%        N/A       30%         8
 Infestation              Necr           39%        N/A       30%         8
 Lehudib's Crystal Spear  Conj/Erth      39%        10d10     30%         8
 Maxwell's Capacitive Co  Air            39%        ∞         30%         8
 Necromutation            Tmut/Necr      39%        N/A       30%         8
 Summon Horrible Things   Summ           39%        N/A       30%         8
 Fire Storm               Conj/Fire      39%        8d10      98%         9
 Chain Lightning          Conj/Air       39%        3d52      99%         9
 Death's Door             Necr           39%        N/A       99%         9
 Shatter                  Erth           39%        3d31*     99%         9


Dungeon Overview and Level Annotations

Branches:
Dungeon (15/15)            Temple (0/1) D:5            Lair (6/6) D:8
  Swamp (4/4) Lair:2       Spider (4/4) Lair:2        Slime (5/5) Lair:6
    Orc (2/2) D:9             Elf (3/3) Orc:2        Vaults (5/5) D:13
  Crypt (0/3) Vaults:3     Depths (5/5) D:15            Zot (5/5) Depths:4
Ossuary (visited)          WizLab (visited)         Gauntlet (visited)

Altars:
Cheibriados
Elyvilon
Kikubaaqudgha
Makhleb
Nemelex Xobeh
Ru
Vehumet
Xom
Zin
The Shining One
Beogh
Jiyva

Shops:
D:12 =   D:14 *   D:15 x   Orc:1 ?   Orc:2 :?(:   Elf:2 x==   Vaults:2 (
Vaults:3 *   Zot:3 *   Depths:3 !

Portals:
Hell: Depths:1 Depths:2 Depths:3 Depths:4 Depths:5
Abyss: Depths:2 Depths:4
Pandemonium: Depths:1 Depths:2 Depths:3 Depths:5
Ziggurat: Depths:2

Annotations:
Lair:2 1 runed translucent door, Gastronok; Kecisof's ghost, journeyman DDFi
Lair:5 Snorg
Swamp:3 Roxanne
Spider:2 1 runed translucent door, Taniclil's ghost, journeyman FeAE
Elf:2 2 runed translucent doors


Innate Abilities, Weirdness & Mutations

You have very sharp teeth.
Your uncanny sense of smell can sniff out nearby items.
Your experience applies equally to all skills.
You often lose your temper in combat.
Your magical capacity is low. (-10% MP)
You are very weak. (Str -4)
You sometimes lose the ability to read scrolls when taking damage.


Message History

The zombie hands constrict the Executioner!
The zombie hands constrict the large abomination!!
The zombie hands constrict the large abomination!
The Executioner struggles to escape constriction.
The Executioner escapes!
There is a stone staircase leading up here.
Casting: Borgnjor's Vile Clutch (safe; 1% risk of failure)
Confirm with . or Enter, or press ? or * to list all spells.
Aiming: Borgnjor's Vile Clutch (safe; 1% risk of failure)
Press: ? - help, Shift-Dir - straight line, f - Executioner
Aim: an Executioner (moderately wounded, fast, 100% to hit)
Zombie hands grab the Executioner.
The zombie hands constrict the Executioner, but do no damage.
The zombie hands constrict the large abomination!
You destroy the large abomination!
Makhleb accepts your kill.
The zombie hands constrict the large abomination!!
The Executioner closely misses you. You block the Executioner's attack. x3
The Executioner completely misses you. The Executioner barely misses you.
The large abomination struggles to escape constriction.
The Executioner closely misses you. x2; You block the Executioner's attack.
You completely miss the Executioner.
You bite the Executioner, but do no damage.
The Executioner is moderately wounded.
The zombie hands constrict the Executioner.
The zombie hands constrict the large abomination!
You destroy the large abomination!
Makhleb accepts your kill. The Executioner completely misses you.
The Executioner hits you but does no damage.
You block the Executioner's attack.
You hit the Executioner.
The Executioner is moderately wounded.
The zombie hands constrict the Executioner!
You block the Executioner's attack. x2; The Executioner completely misses you. x2
The Executioner hits you.
The Executioner hits you but does no damage.
You hit the Executioner.
The Executioner is severely wounded.
The zombie hands constrict the Executioner!
The Executioner hits you but does no damage.
You block the Executioner's attack. x2; The Executioner hits you.
The Executioner completely misses you. You block the Executioner's attack.
The Executioner hits you but does no damage.
You block the Executioner's attack. The Executioner completely misses you.
You hit the Executioner.
The Executioner is severely wounded.
The zombie hands constrict the Executioner.
The Executioner hits you! You block the Executioner's attack. x2
The Executioner barely misses you. You block the Executioner's attack.
The Executioner hits you but does no damage.
Unknown command.
You puncture the Executioner!
The Executioner is poisoned.
The Executioner is almost dead.
The zombie hands constrict the Executioner!
You kill the Executioner!
Makhleb accepts your kill.
You feel better.
Unknown command.
You climb upwards.
There is a stone staircase leading down here.
(D) Dungeon (T) Temple (L) Lair (S) Swamp (N) Spider Nest (M) Slime Pits (O) Orcish Mines (E) Elven Halls (V) Vaults (C) Crypt (U) Depths (H) Hell (Z) Zot
Where to? (Enter - D:1 @ (x,y), ? - help)
What level of the Dungeon? (default 1, ? - help)
There is an escape hatch in the ceiling here.
A mysterious force pulls you upwards. The hatch slams shut behind you.
HP restored.
You see here a +0 club.
There is an open door here.
A hellwing comes into view.
Press: ? - help, v - describe, . - travel The floor.
This square is covered in magical glow.
Unknown command.
You block the hellwing's attack. x2
The hellwing attacks as you move away! You block the hellwing's attack.
The hellwing completely misses you.
The hellwing swoops through the air toward you!
You block the hellwing's attack. x2
You block the hellwing's attack. x2
The hellwing attacks as you move away! You block the hellwing's attack. x2
A chaos spawn comes into view.
The hellwing attacks as you move away! You block the hellwing's attack.
The hellwing completely misses you. You block the chaos spawn's attack.
The hellwing attacks as you move away! You block the hellwing's attack. x2
You block the chaos spawn's attack. The hellwing attacks as you move away!
You block the hellwing's attack. The hellwing completely misses you.
You block the chaos spawn's attack.
The chaos spawn attacks as you move away!
You block the chaos spawn's attack.
There is a staircase leading out of the dungeon here.
Unknown command.
Unknown command.
Unknown command.
You block the chaos spawn's attack.
You have escaped!

####.#### ##...###.#
##.### ##.....##.#
##....## ##.......#..
#......####.........##
#.....#...'......)..+.
#......####.........##
##.....# ##.......##
♣♣♣♣♣♣♣♣♣# ##.....##
♣......@♣### ##...##
♣.PPPPP4♣..# ##'##
♣.P≈≈≈P4...# #.#
♣.P≈8≈P.♣#.######.######
♣.P≈≈≈P.♣......##.##....
♣.PPPPP.♣#.###.#...#.###
♣.......♣#.# #........##
♣♣♣♣♣♣♣♣♣..###.#...#.#.#
#.....#.##.##.##.


You could see a hellwing and a chaos spawn.

Vanquished Creatures
  the Royal Jelly (Slime:5)
  Mara (Vaults:5)
  2 juggernauts
  Boris (Depths:5)
  the Lernaean hydra (Swamp:4)
  Margery (Depths:3)
  Bai Suzhen (Vaults:2)
  5 orbs of fire
  6 caustic shrikes
  9 golden dragons
  Nikola (Vaults:2)
  An ancient lich (Zot:5)
  2 bone dragons (Depths:5)
  7 Killer Klowns
  3 liches
  23 tentacled monstrosities
  A moon troll (WizLab)
  3 curse toes
  4 titans
  15 acid blobs
  2 deep elf blademasters (Elf:3)
  7 quicksilver dragons
  12 sphinxes
  8 tentacled starspawn (WizLab)
  Agnes (Elf:1)
  6 shadow dragons
  A Tzitzimitl (Zot:1)
  5 electric golems
  8 tengu reavers
  11 storm dragons
  8 azure jellies
  11 fire giants
  26 Orb Guardians
  9 ghost moths
  10 frost giants
  Louise (D:14)
  2 iron dragons
  2 cacodemons
  4 deep elf elementalists
  An orc warlord (Vaults:5)
  6 deep elf sorcerers
  14 vault wardens
  2 Executioners
  16 ironbound preservers
  10 death cobs
  5 emperor scorpions
  7 draconian stormcallers
  3 war gargoyles
  30 stone giants
  35 very ugly things
  6 entropy weavers
  12 deep elf demonologists
  18 green draconians
  4 vampire knights
  17 black draconians
  16 purple draconians
  14 draconian monks
  11 deep elf annihilators
  10 yellow draconians
  4 draconian knights
  8 spark wasps
  8 draconian shifters
  3 draconian scorchers
  7 deep elf death magi (Elf:3)
  A minotaur (Gauntlet)
  2 crystal guardians
  4 removed death oozes (Slime:5)
  11 ettins
  8 draconian annihilators
  A blizzard demon (Depths:1)
  2 jiangshi (Depths:3)
  26 ogre magi
  12 yaktaur captains
  6 fire dragons
  13 great orbs of eyes
  The ghost of PIKKUHERKKO the Severer, a journeyman HOMo of Trog (Orc:2)
  3 deep elf high priests
  2 shambling mangroves
  22 white draconians
  A hydra (shapeshifter) (Depths:4)
  8 ice dragons
  11 red draconians
  7 spriggan air magi
  29 vault guards
  5 rakshasas
  22 hydras
  A catoblepas (Lair:6)
  A ghost crab (Swamp:4)
  55 two-headed ogres
  16 dancing weapons
  9 alligators
  Erica (Orc:1)
  9 centaur warriors
  6 death yaks (Lair:6)
  8 tengu warriors
  7 vampire magi
  Urug (D:10)
  11 deep troll earth magi
  4 spriggan berserkers
  7 deep troll shamans
  2 orc high priests
  A soul eater (Depths:1)
  11 deep elf knights
  A shadow wraith (Vaults:2)
  A fire crab (shapeshifter) (Vaults:5)
  A wretched star (WizLab)
  A skeletal warrior (Vaults:3)
  2 iron trolls
  3 spriggan druids
  4 large abominations
  A death drake (shapeshifter) (Depths:5)
  A titan skeleton (Vaults:5)
  An unseen horror (D:14)
  3 hell knights
  9 flayed ghosts
  31 deep trolls
  10 swamp dragons
  2 phantasmal warriors (Vaults:5)
  6 glowing orange brains
  17 ironbound convokers
  An obsidian statue (Depths:1)
  18 deep elf archers
  6 wizards
  An orange crystal statue (WizLab)
  11 orc knights
  A lindwurm (shapeshifter) (Depths:5)
  A harpy (shapeshifter) (Depths:4)
  3 necromancers
  12 orb spiders
  A mana viper (shapeshifter) (Depths:4)
  5 harpies (Vaults:1)
  3 cyclopes
  21 wolf spiders
  51 deep elf pyromancers
  A faun (shapeshifter) (Vaults:2)
  3 orc sorcerers
  49 ugly things
  23 moths of wrath
  A manticore (D:15)
  9 elephants
  7 eyes of devastation
  A moth of wrath (shapeshifter) (Depths:1)
  3 rust devils
  12 vault sentinels
  A gargoyle (D:11)
  10 cane toads
  Joseph (D:7)
  A torpor snail (shapeshifter) (Depths:1)
  5 black mambas
  An orange demon (Depths:1)
  3 rime drakes
  3 torpor snails
  A kobold demonologist (D:13)
  57 yaktaurs
  13 demonic crawlers
  An efreet (D:15)
  A komodo dragon (shapeshifter) (Vaults:2)
  7 komodo dragons
  2 freezing wraiths (Vaults:3)
  6 hellwings
  An ice devil (Depths:5)
  4 tengu conjurers
  A meliai (shapeshifter) (Vaults:5)
  3 red devils (Depths:1)
  A polar bear (Lair:5)
  15 jumping spiders
  2 queen bees (shapeshifter)
  A slime creature (shapeshifter) (Depths:4)
  7 hornets
  3 meliai
  13 tyrant leeches
  11 trolls
  A wind drake (shapeshifter) (Depths:2)
  8 bog bodies
  A hornet (shapeshifter) (Vaults:3)
  45 slime creatures
  7 blink frogs
  2 dream sheep (shapeshifter) (Vaults:5)
  2 human simulacra
  7 removed hippogriffs
  A centaur simulacrum (D:14)
  2 spriggans (shapeshifter) (Depths:1)
  4 shadows
  A vampire (D:15)
  52 redbacks
  4 spriggans
  5 water elementals
  3 air elementals
  4 fire elementals
  4 hogs (Swamp:1)
  A wraith (Vaults:1)
  18 tarantellas
  19 yaks
  A hog (shapeshifter) (D:15)
  Eustachio (D:5)
  A golden eye (shapeshifter) (Vaults:3)
  5 wyverns
  A yak (shapeshifter) (Depths:3)
  2 golden eyes (WizLab)
  2 basilisks
  11 vampire mosquitoes
  3 removed hungry ghosts
  13 swamp worms
  4 insubstantial wisps (Swamp:3)
  14 wargs
  2 neqoxecs
  A removed soldier ant (D:13)
  8 small abominations
  3 acid dragons
  6 water moccasins
  2 removed soldier ants (shapeshifter)
  2 removed porcupines
  A floating eye (Depths:5)
  A floating eye (shapeshifter) (Depths:2)
  5 ice beasts
  A hornet zombie (D:15)
  2 sky beasts
  38 orc warriors
  5 phantoms
  An ice beast (shapeshifter) (Vaults:2)
  3 black bears (Lair:6)
  47 ogres
  13 swamp drakes
  2 removed eyes of draining (Slime:5)
  23 boggarts
  A necrophage (D:6)
  5 wolves
  28 centaurs
  A centaur (shapeshifter) (Vaults:5)
  9 removed crocodiles
  Blork the orc (D:4)
  19 bullfrogs
  3 kobold brigands
  A gnoll sergeant (D:9)
  A water moccasin zombie (D:8)
  A glowing shapeshifter simulacrum (Vaults:3)
  4 earth elementals
  A deep troll simulacrum (Vaults:2)
  6 scorpions
  A killer bee (shapeshifter) (Vaults:5)
  6 killer bees (D:8)
  A howler monkey (D:4)
  2 electric eels
  17 crimson imps
  2 quasits
  6 bullfrog zombies
  6 centaur zombies
  13 orc priests
  8 jellies
  22 orc wizards
  2 bullfrog skeletons
  5 centaur skeletons
  4 hounds
  An iron imp (Depths:1)
  17 mummies (Ossuary)
  Terence (D:3)
  4 iguanas
  13 removed worker ants
  2 killer bee zombies
  A hound zombie (Ossuary)
  A hound skeleton (D:9)
  3 removed worker ant zombies
  7 gnolls
  A howler monkey skeleton (D:6)
  12 adders
  8 shadow imps
  4 white imps
  7 endoplasms
  2 adder skeletons
  3 adder zombies
  3 worms
  A dart slug (D:2)
  71 orcs
  4 removed leopard geckos
  8 giant cockroaches
  6 goblins
  12 hobgoblins
  4 jackals
  14 kobolds
  4 quokkas
  A ball python (D:6)
  10 bats
  4 frilled lizards
  A giant cockroach zombie (Ossuary)
  3 hobgoblin zombies (D:6)
  2 jackal zombies (Ossuary)
  2 kobold skeletons (D:6)
  A kobold zombie (D:6)
  2 orc skeletons (D:6)
  A quokka skeleton (D:4)
  4 quokka zombies
  7 rats
  A removed leopard gecko skeleton (D:8)
  A removed leopard gecko zombie (Ossuary)
  6 butterflies (Vaults:3)
  A fungus (Elf:1)
  A plant (Lair:6)
  3 removed crawling corpses (Elf:3)
  2 starspawn tentacles (WizLab)
2207 creatures vanquished.

Vanquished Creatures (collateral kills)
  A tentacled monstrosity (Depths:2)
  A golden dragon (Zot:4)
  Kirke (Swamp:1)
  2 shadow dragons (Vaults:5)
  3 storm dragons
  3 fire giants
  2 emperor scorpions (Spider:4)
  4 vault wardens
  2 frost giants
  A draconian annihilator (Depths:5)
  4 ironbound preservers
  6 very ugly things
  A war gargoyle (Vaults:4)
  4 stone giants
  4 entropy weavers
  A vampire knight (Depths:4)
  A cacodemon (D:13)
  A draconian shifter (Zot:1)
  A spark wasp (Spider:3)
  A deep elf death mage (Vaults:5)
  A jiangshi (Depths:3)
  2 ettins (Depths:4)
  A fire dragon (Depths:1)
  2 great orbs of eyes (WizLab)
  4 ice dragons
  3 yaktaur captains
  10 hydras
  2 rakshasas
  Fannar (Lair:1)
  A centaur warrior (D:12)
  2 ghost crabs
  A catoblepas (Lair:6)
  4 two-headed ogres
  5 alligators
  8 death yaks
  2 tengu warriors (Depths:3)
  A deep troll shaman (Vaults:3)
  A spriggan berserker (Depths:4)
  A sun demon (Depths:1)
  A large abomination (Vaults:5)
  A sixfirhy (D:13)
  2 glowing orange brains
  5 swamp dragons (Swamp:4)
  6 deep trolls
  A tengu zombie (Vaults:5)
  2 ironbound convokers
  2 orc knights
  5 wolf spiders
  4 deep elf pyromancers
  3 orb spiders
  8 ugly things
  A frost giant zombie (Vaults:5)
  A salamander (shapeshifter) (Depths:3)
  2 manticores
  A moth of wrath (Spider:3)
  2 centaur zombies
  9 elephants
  A gargoyle (D:13)
  A torpor snail (shapeshifter) (Vaults:5)
  6 cane toads
  A freezing wraith (Vaults:5)
  3 komodo dragons
  An efreet (D:15)
  A rime drake (Lair:2)
  2 demonic crawlers (Spider:4)
  6 yaktaurs
  4 jumping spiders
  A polar bear (Lair:3)
  3 tyrant leeches
  5 hornets
  A raiju (shapeshifter) (Depths:3)
  A bog body (Swamp:3)
  A blink frog (Swamp:4)
  2 removed hippogriffs
  A tarantella (Spider:3)
  2 water elementals (Depths:1)
  A wyvern (Lair:5)
  A hog (Swamp:1)
  11 redbacks
  14 yaks
  2 basilisks
  6 vampire mosquitoes
  2 wargs
  A warg (shapeshifter) (Depths:4)
  4 swamp worms
  3 water moccasins
  A removed porcupine (Lair:4)
  8 orc warriors
  A sky beast (D:11)
  A removed eye of draining (D:10)
  5 swamp drakes
  5 wolves
  A boggart (Depths:3)
  8 ogres
  2 removed crocodiles
  3 centaurs
  3 bullfrogs
  2 crimson imps (Depths:1)
  A hound (D:11)
  An iron imp (Depths:1)
  5 orc wizards
  A removed worker ant (D:14)
  A hound zombie (D:7)
  An adder (D:5)
  A shadow imp (D:8)
  3 white imps (Depths:1)
  22 orcs
  An orc zombie (D:6)
  10 butterflies (Vaults:3)
  2 fungi
  5 plants
  A starspawn tentacle (WizLab)
335 creatures vanquished.

Vanquished Creatures (others)
  A golden dragon (Zot:1)
  A fire giant (Depths:4)
  A death cob (Zot:1)
  A draconian knight (Zot:1)
  A spark wasp (Depths:4)
  A draconian annihilator (Zot:2)
  A deep elf knight (Elf:1)
  A wolf spider (Vaults:3)
  2 ugly things
  A vault sentinel (Vaults:2)
  An orange demon (Depths:1)
  A yaktaur (Depths:3)
  A polar bear (shapeshifter) (Vaults:2)
  A redback (Spider:1)
  A swamp worm (Swamp:1)
  A swamp drake (Swamp:2)
  A jelly (Lair:6)
  A demonic plant (WizLab)
  7 fungi
  6 plants
  14 starspawn tentacles (WizLab)
  A withered plant (Ossuary)
47 creatures vanquished.

Grand Total: 2589 creatures vanquished

Notes
Turn   | Place    | Note
-------+----------+-------------------------------------------
     0 | D:1      | magipi the Gnoll Hunter began the quest for the Orb.
     0 | D:1      | Reached XP level 1. HP: 20/20 MP: 1/1
   445 | D:1      | Reached XP level 2. HP: 23/26 MP: 2/2
   700 | D:1      | Reached XP level 3. HP: 28/31 MP: 3/3
  1249 | D:2      | Reached skill level 1 in Invocations
  1270 | D:2      | Reached skill level 1 in Short Blades
  1270 | D:2      | Reached skill level 1 in Long Blades
  1270 | D:2      | Reached skill level 1 in Axes
  1270 | D:2      | Reached skill level 1 in Maces & Flails
  1270 | D:2      | Reached skill level 1 in Polearms
  1270 | D:2      | Reached skill level 1 in Staves
  1270 | D:2      | Reached skill level 1 in Slings
  1270 | D:2      | Reached skill level 1 in Bows
  1270 | D:2      | Reached skill level 1 in Crossbows
  1270 | D:2      | Reached skill level 1 in Armour
  1270 | D:2      | Reached skill level 1 in Shields
  1270 | D:2      | Reached skill level 1 in Unarmed Combat
  1270 | D:2      | Reached skill level 1 in Spellcasting
  1270 | D:2      | Reached skill level 1 in Evocations
  1270 | D:2      | Reached XP level 4. HP: 37/38 MP: 5/5
  1898 | D:3      | Noticed Terence
  1906 | D:3      | Killed Terence
  1906 | D:3      | Reached skill level 1 in Conjurations
  1906 | D:3      | Reached skill level 1 in Hexes
  1906 | D:3      | Reached skill level 1 in Charms
  1906 | D:3      | Reached skill level 1 in Summonings
  1906 | D:3      | Reached skill level 1 in Necromancy
  1906 | D:3      | Reached skill level 1 in Translocations
  1906 | D:3      | Reached skill level 1 in Transmutations
  1906 | D:3      | Reached skill level 1 in Fire Magic
  1906 | D:3      | Reached skill level 1 in Ice Magic
  1906 | D:3      | Reached skill level 1 in Air Magic
  1906 | D:3      | Reached skill level 1 in Earth Magic
  1906 | D:3      | Reached skill level 1 in Poison Magic
  1952 | D:3      | Reached XP level 5. HP: 38/43 MP: 6/6
  3012 | D:4      | Reached XP level 6. HP: 50/50 MP: 8/8
  3045 | D:4      | Noticed a phantom
  3111 | D:4      | Killed a phantom
  3111 | D:4      | Reached skill level 5 in Fighting
  3111 | D:4      | Reached skill level 2 in Axes
  3111 | D:4      | Reached skill level 5 in Dodging
  3324 | D:4      | Noticed Blork the orc
  3422 | D:4      | Killed Blork the orc
  3422 | D:4      | Reached XP level 7. HP: 56/56 MP: 10/10
  4169 | D:5      | Entered Level 5 of the Dungeon
  4235 | D:5      | Learned a level 1 spell: Apportation
  4237 | D:5      | Learned a level 1 spell: Animate Skeleton
  4493 | D:5      | Reached XP level 8. HP: 63/63 MP: 12/12
  4515 | D:5      | Reached skill level 3 in Axes
  4636 | D:5      | Got a twisted leather armour
  4656 | D:5      | Found a burning altar of Makhleb.
  4662 | D:5      | Became a worshipper of Makhleb the Destroyer
  4720 | D:5      | Identified the cursed +0 leather armour "Puhoef" {+Blink
                  | Str+3} (You found it on level 5 of the Dungeon)
  4807 | D:5      | Found a staircase to the Ecumenical Temple.
  4893 | D:5      | Found a white marble altar of Elyvilon.
  5046 | D:6      | Found a snail-covered altar of Cheibriados.
  5253 | D:6      | Found a glowing golden altar of the Shining One.
  5429 | D:6      | Found a sacrificial altar of Ru.
  5506 | D:6      | Noticed Eustachio
  5551 | D:5      | Killed Eustachio
  5733 | D:6      | Reached XP level 9. HP: 68/69 MP: 14/14
  5784 | D:6      | Reached * piety under Makhleb
  5827 | D:6      | Noticed a hornet
  5840 | D:6      | Killed a hornet
  5840 | D:6      | Reached skill level 4 in Axes
  6041 | D:6      | Learned a level 2 spell: Blink
  6193 | D:7      | Found a shimmering altar of Xom.
  6194 | D:7      | Found an ancient bone altar of Kikubaaqudgha.
  6256 | D:7      | Found a sand-covered staircase.
  6269 | Ossuary  | Entered an ossuary
  6353 | Ossuary  | Reached ** piety under Makhleb
  6353 | Ossuary  | Reached skill level 5 in Stealth
  6583 | D:7      | Reached skill level 5 in Invocations
  6981 | D:7      | Noticed Joseph
  6994 | D:7      | Killed Joseph
  6994 | D:7      | Reached XP level 10. HP: 55/77 MP: 15/17
  7543 | D:8      | Reached skill level 5 in Short Blades
  7543 | D:8      | Reached skill level 5 in Long Blades
  7543 | D:8      | Reached skill level 5 in Axes
  7543 | D:8      | Reached skill level 5 in Maces & Flails
  7543 | D:8      | Reached skill level 5 in Polearms
  7543 | D:8      | Reached skill level 5 in Staves
  7543 | D:8      | Reached skill level 5 in Slings
  7543 | D:8      | Reached skill level 5 in Bows
  7543 | D:8      | Reached skill level 5 in Crossbows
  7543 | D:8      | Reached skill level 5 in Armour
  7543 | D:8      | Reached skill level 5 in Shields
  7543 | D:8      | Reached skill level 5 in Unarmed Combat
  7543 | D:8      | Reached skill level 5 in Spellcasting
  7543 | D:8      | Reached skill level 5 in Evocations
  7745 | D:8      | Reached *** piety under Makhleb
  7747 | D:8      | Found a staircase to the Lair.
  8054 | D:9      | Found a staircase to the Orcish Mines.
  8544 | D:9      | Reached skill level 10 in Throwing
  9179 | D:10     | Entered Level 10 of the Dungeon
  9200 | D:10     | Identified a scroll of acquirement
  9284 | D:10     | Noticed Urug
  9320 | D:10     | Killed Urug
  9544 | D:10     | Reached **** piety under Makhleb
  9887 | D:10     | Reached XP level 11. HP: 84/84 MP: 19/19
  9889 | D:10     | Noticed a manticore
  9904 | D:10     | Killed a manticore
 10074 | D:10     | Noticed a cyclops
 10082 | D:10     | Killed a cyclops
 10199 | D:10     | Noticed a two-headed ogre
 10322 | D:10     | Killed a two-headed ogre
 10322 | D:10     | Reached skill level 6 in Axes
 10322 | D:10     | Reached skill level 5 in Conjurations
 10322 | D:10     | Reached skill level 5 in Hexes
 10322 | D:10     | Reached skill level 5 in Charms
 10322 | D:10     | Reached skill level 5 in Summonings
 10322 | D:10     | Reached skill level 5 in Necromancy
 10322 | D:10     | Reached skill level 5 in Translocations
 10322 | D:10     | Reached skill level 5 in Transmutations
 10322 | D:10     | Reached skill level 5 in Fire Magic
 10322 | D:10     | Reached skill level 5 in Ice Magic
 10322 | D:10     | Reached skill level 5 in Air Magic
 10322 | D:10     | Reached skill level 5 in Earth Magic
 10322 | D:10     | Reached skill level 5 in Poison Magic
 10523 | D:11     | Found a gate leading to a gauntlet.
 10542 | Gauntlet | Entered a Gauntlet
 10542 | Gauntlet | Found a transporter.
 10544 | Gauntlet | Noticed a wizard
 10552 | Gauntlet | Found a transporter.
 10552 | Gauntlet | Found a transporter.
 10553 | Gauntlet | Found a transporter.
 10556 | Gauntlet | Noticed a large abomination
 10562 | Gauntlet | Found a transporter.
 10564 | Gauntlet | Found a transporter.
 10565 | Gauntlet | Found a transporter.
 10576 | Gauntlet | Found a transporter.
 10576 | Gauntlet | Found a transporter.
 10577 | Gauntlet | Found a transporter.
 10582 | Gauntlet | Noticed a death ooze
 10588 | Gauntlet | Found a transporter.
 10588 | Gauntlet | Found a transporter.
 10589 | Gauntlet | Found a transporter.
 10594 | Gauntlet | Noticed a dire elephant
 10597 | Gauntlet | Found a transporter.
 10634 | Gauntlet | Noticed a ghost crab
 10701 | Gauntlet | Killed a wizard
 10947 | Gauntlet | Killed a large abomination
 10983 | Gauntlet | Got a pair of blackened boots
 11051 | Gauntlet | Noticed a minotaur
 11085 | Gauntlet | Killed a minotaur
 11177 | Gauntlet | Got a bloodstained scale mail
 11198 | D:11     | Identified the cursed +1 scale mail of Seumileshu {+Inv
                  | Dex+4} (You found it in a Gauntlet)
 11199 | D:11     | Identified the cursed +0 pair of boots "Jiphof" {rF++ MR-
                  | SInv} (You found it in a Gauntlet)
 11799 | D:11     | Noticed a cyclops
 12152 | D:11     | Found a glowing silver altar of Zin.
 12221 | D:11     | Killed a cyclops
 12221 | D:11     | Reached XP level 12. HP: 82/93 MP: 22/22
 12567 | Lair:1   | Entered Level 1 of the Lair of Beasts
 12659 | Lair:1   | Noticed Fannar
 12674 | Lair:1   | Killed Fannar
 12735 | Lair:1   | Noticed a six-headed hydra
 12740 | Lair:1   | Killed a six-headed hydra
 12740 | Lair:1   | Reached skill level 7 in Axes
 13310 | Lair:2   | Found a runed translucent door.
 13311 | Lair:2   | Noticed Kecisof's ghost (journeyman DDFi)
 13311 | Lair:2   | Noticed a five-headed hydra
 13416 | Lair:2   | Noticed a seven-headed hydra
 13446 | Lair:2   | Killed a seven-headed hydra
 13922 | Lair:2   | Noticed a six-headed hydra
 13922 | Lair:2   | Noticed an eight-headed hydra
 13931 | Lair:2   | Killed an eight-headed hydra
 13935 | Lair:2   | Killed a six-headed hydra
 14077 | Lair:2   | Found a staircase to the Swamp.
 14176 | Lair:2   | Noticed Gastronok
 14242 | Lair:2   | Noticed an eight-headed hydra
 14242 | Lair:2   | Noticed a four-headed hydra
 14250 | Lair:2   | Killed an eight-headed hydra
 14250 | Lair:2   | Reached XP level 13. HP: 101/101 MP: 24/24
 14589 | Lair:2   | Found a hole to the Spider Nest.
 14888 | Lair:2   | Reached skill level 8 in Axes
 14927 | Lair:2   | Reached ***** piety under Makhleb
 17707 | Lair:5   | Noticed Sonja
 17720 | Lair:5   | Noticed Sonja
 17720 | Lair:5   | Sonja changed into Sonja the wyvern
 17729 | Lair:5   | Killed Sonja the wyvern
 17864 | Lair:5   | Noticed Snorg
 18300 | Lair:6   | Entered Level 6 of the Lair of Beasts
 18366 | Lair:6   | Reached XP level 14. HP: 69/109 MP: 26/26
 19028 | Lair:6   | Found a staircase to the Slime Pits.
 19043 | Lair:6   | Reached skill level 10 in Fighting
 19043 | Lair:6   | Reached skill level 10 in Dodging
 19524 | Lair:6   | Reached skill level 9 in Axes
 19888 | Lair:6   | Reached skill level 10 in Invocations
 20251 | Orc:1    | Entered Level 1 of the Orcish Mines
 20500 | Orc:1    | Noticed Erica
 20697 | Orc:1    | Killed Erica
 20818 | Orc:1    | Found a roughly hewn altar of Beogh.
 20913 | Orc:1    | Found Dalluss's Magic Scroll Boutique.
 20942 | Orc:1    | Noticed Maurice
 20945 | Orc:1    | Noticed Maurice
 20945 | Orc:1    | Maurice changed into Maurice the crocodile
 20950 | Orc:1    | Killed Maurice the crocodile
 21207 | Orc:2    | Entered Level 2 of the Orcish Mines
 21912 | Orc:2    | Found a transporter.
 21919 | Orc:2    | Found a transporter.
 21921 | Orc:2    | Noticed PIKKUHERKKO's ghost (journeyman HOMo)
 21970 | Orc:2    | Found a staircase to the Elven Halls.
 22183 | Orc:2    | Found Kehie's Weapon Emporium.
 22183 | Orc:2    | Found Siamaal's Magic Scroll Boutique.
 22185 | Orc:2    | Found Vaujif's Book Shop.
 22187 | Orc:2    | Found Igydotsir's Book Shoppe.
 22209 | Orc:2    | Bought a scroll of identify for 26 gold pieces
 22676 | Orc:2    | Bought a book of Unlife for 780 gold pieces
 22682 | Orc:2    | Learned a level 4 spell: Animate Dead
 22688 | Orc:2    | Learned a level 5 spell: Borgnjor's Vile Clutch
 22954 | D:12     | Reached XP level 15. HP: 115/117 MP: 28/28
 22985 | D:12     | Found Xenobeco's Jewellery Shop.
 23827 | D:13     | Reached skill level 10 in Stealth
 24178 | D:13     | Found a gate to the Vaults.
 24188 | D:13     | Reached ****** piety under Makhleb
 25148 | D:14     | Found Vagh's Assorted Antiques.
 25152 | D:14     | Noticed Louise
 25165 | D:14     | Cast into level 2 of the Abyss (Louise)
 25165 | Abyss:2  | Found a corrupted altar of Lugonu.
 25180 | D:14     | Escaped the Abyss
 25181 | D:14     | Killed Louise
 25181 | D:14     | Reached skill level 10 in Short Blades
 25181 | D:14     | Reached skill level 10 in Long Blades
 25181 | D:14     | Reached skill level 10 in Axes
 25181 | D:14     | Reached skill level 10 in Maces & Flails
 25181 | D:14     | Reached skill level 10 in Polearms
 25181 | D:14     | Reached skill level 10 in Staves
 25181 | D:14     | Reached skill level 10 in Slings
 25181 | D:14     | Reached skill level 10 in Bows
 25181 | D:14     | Reached skill level 10 in Crossbows
 25181 | D:14     | Reached skill level 10 in Armour
 25181 | D:14     | Reached skill level 10 in Shields
 25181 | D:14     | Reached skill level 10 in Unarmed Combat
 25181 | D:14     | Reached skill level 10 in Spellcasting
 25181 | D:14     | Reached skill level 10 in Evocations
 25217 | D:14     | Bought a pair of runed gloves for 232 gold pieces
 25217 | D:14     | Bought a scroll of identify for 62 gold pieces
 26374 | D:15     | Entered Level 15 of the Dungeon
 27352 | D:15     | Reached XP level 16. HP: 107/125 MP: 30/30
 27368 | D:15     | Found a staircase to the Depths.
 27433 | D:15     | Found Mompesock's Gadget Shoppe.
 27446 | D:15     | Bought a wand of iceblast (9) for 221 gold pieces
 27446 | D:15     | Bought a wand of iceblast (9) for 221 gold pieces
 28172 | Swamp:1  | Entered Level 1 of the Swamp
 28394 | D:12     | Bought an uncursed ring of poison resistance for 260 gold
                  | pieces
 28394 | D:12     | Bought an uncursed amulet of regeneration for 390 gold
                  | pieces
 29248 | Swamp:1  | Noticed Kirke
 29884 | Swamp:1  | Killed Kirke
 31213 | Swamp:3  | Identified Roxanne's Handbook of Stones
 31213 | Swamp:3  | Noticed Roxanne
 31992 | Swamp:4  | Entered Level 4 of the Swamp
 32503 | Swamp:4  | Reached skill level 11 in Axes
 32665 | Swamp:4  | Reached XP level 17. HP: 133/133 MP: 11/32
 32686 | Swamp:4  | Noticed the 27-headed Lernaean hydra
 32698 | Swamp:4  | Killed the 27-headed Lernaean hydra
 32880 | Swamp:4  | Got a decaying rune of Zot
 33671 | Orc:2    | Killed PIKKUHERKKO's ghost
 33687 | Orc:2    | Got a brightly glowing pewter ring
 33723 | Orc:2    | Identified the ring of Umaext {rF+ Int+3 Dex+4} (You found
                  | it on level 2 of the Orcish Mines)
 33770 | Elf:1    | Entered Level 1 of the Elven Halls
 33796 | Elf:1    | Found a radiant altar of Vehumet.
 33945 | Elf:1    | Noticed Agnes
 33953 | Elf:1    | Killed Agnes
 34882 | Elf:2    | Identified the ring of Jidyvoss {+Fly MR+ Int+3 Dex+3} (You
                  | found it on level 2 of the Elven Halls)
 34902 | Elf:2    | Found Qusoxeon's Gadget Boutique.
 34902 | Elf:2    | Found Davoahit's Jewellery Shoppe.
 34903 | Elf:2    | Found Gigroreg's Jewellery Shoppe.
 34941 | Elf:2    | Bought the macabre finger necklace {rN+} for 600 gold
                  | pieces
 34941 | Elf:2    | Found the macabre finger necklace {rN+}
 35178 | Elf:2    | Found a runed translucent door.
 35197 | Elf:2    | Reached skill level 12 in Axes
 35202 | Elf:2    | Found a runed translucent door.
 35264 | Elf:3    | Entered Level 3 of the Elven Halls
 35406 | Elf:3    | Reached skill level 10 in Conjurations
 35406 | Elf:3    | Reached skill level 10 in Hexes
 35406 | Elf:3    | Reached skill level 10 in Charms
 35406 | Elf:3    | Reached skill level 10 in Summonings
 35406 | Elf:3    | Reached skill level 10 in Necromancy
 35406 | Elf:3    | Reached skill level 10 in Translocations
 35406 | Elf:3    | Reached skill level 10 in Transmutations
 35406 | Elf:3    | Reached skill level 10 in Fire Magic
 35406 | Elf:3    | Reached skill level 10 in Ice Magic
 35406 | Elf:3    | Reached skill level 10 in Air Magic
 35406 | Elf:3    | Reached skill level 10 in Earth Magic
 35406 | Elf:3    | Reached skill level 10 in Poison Magic
 35492 | Elf:3    | Found a magical portal.
 35504 | WizLab   | Entered Lehudib's Moon Base
 35516 | WizLab   | Noticed a tentacled starspawn
 35532 | WizLab   | Killed a tentacled starspawn
 35532 | WizLab   | Reached XP level 18. HP: 141/141 MP: 20/33
 35647 | WizLab   | Found a transporter.
 36050 | WizLab   | Found a transporter.
 36610 | WizLab   | Reached skill level 13 in Axes
 37458 | WizLab   | Identified the cursed -4 pair of boots of Sitat {rElec rF+
                  | SInv} (You found it in a wizard's laboratory)
 37593 | WizLab   | Noticed a moon troll
 37641 | WizLab   | Killed a moon troll
 37932 | WizLab   | Got a crude tin ring
 37941 | WizLab   | Identified the ring of Monotheism {rN+ MP+9} (You found it
                  | in a wizard's laboratory)
 38134 | Elf:3    | Reached XP level 19. HP: 149/149 MP: 35/35
 40058 | Elf:3    | Identified the +1 robe of the Blessed Realm {rElec rN+
                  | Stlth+}
 40750 | Elf:3    | Identified the amulet "Izuucoq" {Acrobat rN+ MR+ Dex+6}
 40758 | Elf:3    | Reached skill level 14 in Axes
 40765 | Elf:3    | Identified the +3 mace of the Equator {freeze, MP+9 Int-5
                  | Dex+4}
 41809 | Vaults:1 | Entered Level 1 of the Vaults
 42841 | Vaults:1 | Reached XP level 20. HP: 157/157 MP: 14/36
 42848 | Vaults:1 | Reached skill level 15 in Throwing
 43424 | Vaults:2 | Found Iddonej's Antique Weapon Shoppe.
 43928 | Vaults:2 | Identified the cursed ring of Sigicefou {rF+ rN+ AC-4 Int+4
                  | SInv} (You found it on level 2 of the Vaults)
 44021 | Vaults:2 | Noticed Bai Suzhen
 44021 | Vaults:2 | Noticed Nikola
 44281 | Vaults:2 | Killed Bai Suzhen
 44287 | Vaults:2 | Killed Nikola
 45239 | Vaults:1 | Learned a level 4 spell: Olgreb's Toxic Radiance
 45754 | Spider:1 | Entered Level 1 of the Spider Nest
 45789 | Spider:1 | Reached skill level 15 in Axes
 46722 | Spider:2 | Found a runed translucent door.
 46722 | Spider:2 | Found a shimmering altar of Xom.
 46722 | Spider:2 | Identified the +10 quarterstaff of Due Proportion {chaos,
                  | rC+ MR+ Str+3}
 46722 | Spider:2 | Noticed Taniclil's ghost (journeyman FeAE)
 47949 | Spider:4 | Entered Level 4 of the Spider Nest
 48019 | Spider:4 | Reached XP level 21. HP: 165/165 MP: 25/38
 48518 | Spider:4 | Got a gossamer rune of Zot
 49273 | Vaults:3 | Found a huge runed gate.
 49273 | Vaults:3 | Found a huge runed gate.
 49273 | Vaults:3 | Found a huge runed gate.
 49273 | Vaults:3 | Found a huge runed gate.
 49273 | Vaults:3 | Found a huge runed gate.
 49273 | Vaults:3 | Found a huge runed gate.
 49273 | Vaults:3 | Found a huge runed gate.
 49274 | Vaults:3 | Found a huge runed gate.
 49274 | Vaults:3 | Found a huge runed gate.
 49274 | Vaults:3 | Found a huge runed gate.
 49347 | Vaults:3 | Found a huge runed gate.
 49347 | Vaults:3 | Found a huge runed gate.
 49348 | Vaults:3 | Found a huge runed gate.
 49349 | Vaults:3 | Found a huge runed gate.
 49350 | Vaults:3 | Found a huge runed gate.
 49366 | Vaults:3 | Found a huge runed gate.
 49366 | Vaults:3 | Found a huge runed gate.
 49366 | Vaults:3 | Found a huge runed gate.
 49366 | Vaults:3 | Found a huge runed gate.
 49366 | Vaults:3 | Found a huge runed gate.
 49367 | Vaults:3 | Found a huge runed gate.
 49368 | Vaults:3 | Found a huge runed gate.
 49369 | Vaults:3 | Found a huge runed gate.
 49370 | Vaults:3 | Found a huge runed gate.
 49399 | Vaults:3 | Found a huge runed gate.
 49399 | Vaults:3 | Found a huge runed gate.
 49399 | Vaults:3 | Found a huge runed gate.
 49399 | Vaults:3 | Found a huge runed gate.
 49399 | Vaults:3 | Found a huge runed gate.
 49399 | Vaults:3 | Found a huge runed gate.
 49401 | Vaults:3 | Found a huge runed gate.
 49402 | Vaults:3 | Found a huge runed gate.
 49403 | Vaults:3 | Found a huge runed gate.
 49420 | Vaults:3 | Found a staircase to the Crypt.
 49461 | Vaults:3 | Found a huge runed gate.
 49461 | Vaults:3 | Found a huge runed gate.
 49461 | Vaults:3 | Found a huge runed gate.
 49571 | Vaults:3 | Identified the +8 dagger of Feveecy {vorpal, *Drain rN++}
                  | (You found it on level 3 of the Vaults)
 49783 | Vaults:3 | Reached skill level 16 in Axes
 49801 | Vaults:3 | Reached skill level 15 in Invocations
 50106 | Vaults:3 | Found Joateil's Assorted Antiques.
 50114 | Vaults:3 | Bought a scroll of teleportation for 117 gold pieces
 50114 | Vaults:3 | Bought a scroll of identify for 78 gold pieces
 50114 | Vaults:3 | Bought a wand of iceblast (8) for 156 gold pieces
 50778 | Vaults:3 | Reached XP level 22. HP: 173/173 MP: 40/40
 52151 | Vaults:4 | Reached skill level 15 in Fighting
 52151 | Vaults:4 | Reached skill level 15 in Dodging
 52905 | Depths:1 | Entered Level 1 of the Depths
 52915 | Depths:1 | Reached skill level 17 in Axes
 53024 | Depths:1 | Identified the +2 leather armour of Ethics {Harm rPois rC+
                  | Int+3}
 53220 | Depths:1 | Identified the +6 plate armour "Vidu Afy" {rF+ MR+ SInv}
 53223 | Depths:1 | Found a gateway to Hell.
 53648 | Depths:1 | Found a one-way gate leading to the halls of Pandemonium.
 53749 | Depths:1 | Found a sparkling altar of Nemelex Xobeh.
 53755 | Depths:1 | Reached XP level 23. HP: 181/181 MP: 29/41
 54014 | Depths:2 | Found a one-way gate to the infinite horrors of the Abyss.
 54271 | Depths:2 | Reached skill level 15 in Stealth
 54781 | Depths:2 | Noticed a juggernaut
 54839 | Depths:2 | Killed a juggernaut
 54839 | Depths:2 | Reached skill level 15 in Short Blades
 54839 | Depths:2 | Reached skill level 15 in Long Blades
 54839 | Depths:2 | Reached skill level 15 in Maces & Flails
 54839 | Depths:2 | Reached skill level 15 in Polearms
 54839 | Depths:2 | Reached skill level 15 in Staves
 54839 | Depths:2 | Reached skill level 15 in Slings
 54839 | Depths:2 | Reached skill level 15 in Bows
 54839 | Depths:2 | Reached skill level 15 in Crossbows
 54839 | Depths:2 | Reached skill level 15 in Armour
 54839 | Depths:2 | Reached skill level 15 in Shields
 54839 | Depths:2 | Reached skill level 15 in Unarmed Combat
 54839 | Depths:2 | Reached skill level 15 in Spellcasting
 54839 | Depths:2 | Reached skill level 15 in Evocations
 54876 | Depths:2 | Noticed a caustic shrike
 54885 | Depths:2 | Killed a caustic shrike
 55028 | Depths:2 | Identified the ring of Palid {*Contam Int+7 Slay+4} (You
                  | found it on level 2 of the Depths)
 55031 | Depths:2 | Identified the ring "Noanau Ucro" {rC+ rN+ EV+4} (You found
                  | it on level 2 of the Depths)
 55044 | Depths:2 | Identified the amulet of Faleux Wima {Regen+ Int+6} (You
                  | found it on level 2 of the Depths)
 55047 | Depths:2 | Identified the ring "Laozafaf" {rC+ MR+} (You found it on
                  | level 2 of the Depths)
 55164 | Depths:2 | Found a gateway to a ziggurat.
 55500 | Depths:3 | Noticed Margery
 55527 | Depths:3 | Killed Margery
 55739 | Depths:3 | Found Asor Fai's Distillery.
 55887 | Depths:3 | Noticed a caustic shrike
 55888 | Depths:3 | Noticed a caustic shrike
 55892 | Depths:3 | Noticed a caustic shrike
 55897 | Depths:3 | Reached skill level 18 in Axes
 55907 | Depths:3 | Killed a caustic shrike
 55907 | Depths:3 | Killed a caustic shrike
 55909 | Depths:3 | Killed a caustic shrike
 55909 | Depths:3 | Reached XP level 24. HP: 190/190 MP: 25/42
 58003 | Depths:4 | Identified the +6 scale mail of Parts Unknown {rC+ MP+9
                  | Str-3 SInv} (You found it on level 4 of the Depths)
 58183 | Depths:4 | Noticed a caustic shrike
 58202 | Depths:4 | Killed a caustic shrike
 58298 | Depths:4 | Found the +10 zealot's sword {holy, *Rage rN+ EV+3}
 58304 | Depths:4 | Identified the Disquisition on the Voyage
 58532 | Depths:4 | Identified the +3 war axe "Veqanabe" {freeze, rElec rPois
                  | rC+ Dex+5}
 58532 | Depths:4 | Identified the +5 hunting sling "Douja" {freeze, rC+
                  | Stlth+}
 58532 | Depths:4 | Identified the ring "Bephaysm" {Str+4 Dex+2 Stlth+}
 58598 | Depths:4 | Noticed a caustic shrike
 58602 | Depths:4 | Noticed a juggernaut
 58802 | Depths:4 | Killed a caustic shrike
 58947 | Depths:4 | Killed a juggernaut
 58947 | Depths:4 | Reached XP level 25. HP: 161/197 MP: 42/42
 59004 | Depths:4 | Identified the Volume of Creative Necromancy
 59078 | Depths:5 | Entered Level 5 of the Depths
 59893 | Depths:5 | Noticed Boris
 59919 | Depths:5 | Killed Boris
 59981 | Depths:5 | Found a gate to the Realm of Zot.
 60156 | Depths:5 | Learned a level 5 spell: Lee's Rapid Deconstruction
 60661 | Depths:5 | Learned a level 5 spell: Freezing Cloud
 61101 | Slime:1  | Entered Level 1 of the Pits of Slime
 61265 | Slime:5  | Entered Level 5 of the Pits of Slime
 61463 | Slime:5  | Noticed the Royal Jelly
 61464 | Slime:5  | Found a viscous altar of Jiyva.
 61479 | Slime:5  | Killed the Royal Jelly
 61809 | Slime:5  | Got a translucent marble ring
 61812 | Slime:5  | Identified the ring of Compassion {*Tele rC++ Dex+2 Slay-3}
                  | (You found it on level 5 of the Pits of Slime)
 61828 | Slime:5  | Got a slimy rune of Zot
 61864 | Slime:5  | Upgraded the game from 0.25-a0-1133-g93ebf739aa to
                  | 0.25-a0-1137-g7f6bfe439b
 62333 | Vaults:5 | Entered Level 5 of the Vaults
 62353 | Vaults:5 | Reached XP level 26. HP: 205/205 MP: 39/43
 62369 | Vaults:5 | Noticed Mara
 62406 | Vaults:5 | Noticed magipi's illusion
 62412 | Vaults:5 | Killed Mara
 62412 | Vaults:5 | Reached skill level 19 in Axes
 62477 | Vaults:5 | Gained mutation: You are weak. (Str -2) [a shining eye]
 63077 | Vaults:5 | Got a silver rune of Zot
 63120 | Vaults:5 | Identified Dispater's Compendium of the Rocks and Slavery
 63598 | Vaults:5 | Identified the +5 scale mail of Impatience {Stlth+} (You
                  | found it on level 5 of the Vaults)
 64449 | Vaults:5 | Identified the ring of Pigam {Wiz Str+3}
 64571 | Vaults:5 | Identified the Volume of Contamination and Augmentations
 64593 | Vaults:5 | Identified the cursed +1 scale mail of Xoucighuggi {Harm
                  | Int+3} (You found it on level 5 of the Vaults)
 65371 | Vaults:5 | Learned a level 5 spell: Yara's Violent Unravelling
 65371 | Vaults:5 | Upgraded the game from 0.25-a0-1137-g7f6bfe439b to
                  | 0.26-a0-540-g8a0c9464d7
 65371 | Vaults:5 | Upgraded the game from 0.26-a0-540-g8a0c9464d7 to
                  | 0.26-a0-597-gb535b0901c
 65371 | Vaults:5 | Upgraded the game from 0.26-a0-597-gb535b0901c to
                  | 0.26-a0-639-g72c4674329
 65371 | Vaults:5 | Upgraded the game from 0.26-a0-639-g72c4674329 to
                  | 0.26-a0-651-gb41185065b
 65371 | Vaults:5 | Upgraded the game from 0.26-a0-651-gb41185065b to
                  | 0.27-a0-34-gc18c9092ac
 65371 | Vaults:5 | Reached skill level 20 in Axes
 65371 | Vaults:5 | Reached skill level 15 in Conjurations
 65371 | Vaults:5 | Reached skill level 15 in Hexes
 65371 | Vaults:5 | Reached skill level 15 in Charms
 65371 | Vaults:5 | Reached skill level 15 in Summonings
 65371 | Vaults:5 | Reached skill level 15 in Necromancy
 65371 | Vaults:5 | Reached skill level 15 in Translocations
 65371 | Vaults:5 | Reached skill level 15 in Transmutations
 65371 | Vaults:5 | Reached skill level 15 in Fire Magic
 65371 | Vaults:5 | Reached skill level 15 in Ice Magic
 65371 | Vaults:5 | Reached skill level 15 in Air Magic
 65371 | Vaults:5 | Reached skill level 15 in Earth Magic
 65371 | Vaults:5 | Reached skill level 15 in Poison Magic
 65371 | Vaults:5 | Upgraded the game from 0.27-a0-34-gc18c9092ac to
                  | 0.28-a0-1616-g050a50673c
 65745 | Zot:1    | Entered Level 1 of the Realm of Zot
 66527 | Depths:4 | Reached XP level 27. HP: 212/217 MP: 44/44
 67756 | Zot:1    | Noticed an orb of fire
 67759 | Zot:1    | Gained mutation: You are very weak. (Str -4) [an orb of
                  | fire]
 67761 | Zot:1    | Gained mutation: Your magical capacity is low. (-10% MP)
                  | [an orb of fire]
 67762 | Zot:1    | Killed an orb of fire
 68936 | Orc:1    | Bought a scroll of enchant armour for 105 gold pieces
 68936 | Orc:1    | Bought a scroll of enchant armour for 105 gold pieces
 68936 | Orc:1    | Bought a scroll of fog for 28 gold pieces
 68936 | Orc:1    | Bought a scroll of magic mapping for 49 gold pieces
 68936 | Orc:1    | Bought a scroll of magic mapping for 49 gold pieces
 68936 | Orc:1    | Bought a scroll of teleportation for 42 gold pieces
 68981 | Orc:2    | Bought a scroll of enchant weapon for 97 gold pieces
 68981 | Orc:2    | Bought a scroll of teleportation for 39 gold pieces
 68981 | Orc:2    | Bought a scroll of teleportation for 39 gold pieces
 70687 | Vaults:3 | Identified the +2 mace of False Hope {vorpal, rF+ SInv}
                  | (You found it on level 3 of the Vaults)
 71437 | Zot:1    | Noticed an orb of fire
 71462 | Zot:1    | Gained mutation: You tend to lose your temper in combat.
                  | [an orb of fire]
 71469 | Zot:1    | Killed an orb of fire
 72587 | Zot:1    | Learned a level 6 spell: Invisibility
 72587 | Zot:1    | Upgraded the game from 0.28-a0-1616-g050a50673c to
                  | 0.29-a0-330-g52719c12eb
 74262 | Zot:2    | Learned a level 2 spell: Passwall
 74419 | Zot:2    | Reached skill level 21 in Axes
 76570 | Zot:3    | Found Daoshu's Changing Room.
 78692 | Zot:5    | Entered Level 5 of the Realm of Zot
 79964 | Zot:5    | Noticed an orb of fire
 79967 | Zot:5    | Noticed an orb of fire
 79981 | Zot:5    | Killed an orb of fire
 79982 | Zot:5    | Noticed an orb of fire
 79991 | Zot:5    | Gained mutation: You often lose your temper in combat. [an
                  | orb of fire]
 79998 | Zot:5    | Killed an orb of fire
 80000 | Zot:5    | Noticed an ancient lich
 80010 | Zot:5    | Killed an ancient lich
 80011 | Zot:5    | Gained mutation: You sometimes lose the ability to read
                  | scrolls when taking damage. [an orb of fire]
 80014 | Zot:5    | Killed an orb of fire
 81679 | Zot:5    | Got the Orb of Zot
 82024 | D:12     | Noticed Guempif the pandemonium lord
 82368 | D:$      | Escaped with the Orb!

Illustrated notes

Levels and vault maps discovered:
D:1:      tarquinn_simple_flora_water_a, layout_loops_corners
D:2:      layout_rooms
D:3:      layout_loops_ring, uniq_terence
D:4:      minmay_razor_zed, layout_basic, uniq_blork_the_orc
D:5:      layout_basic, minmay_temple_entry_grid, basic_altar, first_ration,
          makhleb_blood_cavern_becter
D:6:      minmay_thinvault, layout_cave_pools, old_standard_altar,
          lemuel_coloured_pillars_altar, nicolae_tso_besieged_by_evil,
          uniq_eustachio
D:7:      layout_cave_pods, gammafunk_temple_overflow_statue,
          nicolae_ossuary_entry_monument, uniq_joseph
D:8:      layout_gridville, dpeg_oklobed_lair
D:9:      layout_roguey, orc_0_dummy, grunt_pizzeria
D:10:     layout_rooms, minmay_diamond_spiral, uniq_urug
D:11:     layout_irregular_city, gauntlet_entry_generic, lemuel_tele_altar
D:12:     layout_small_grid, serial_shops, kennysheep_mini_moat, st_stairs_3
D:13:     kennysheep_room_grid, layout_irregular_city,
          lightli_vaults_fourway_checkpoint, minivault_5
D:14:     layout_layer_cave, serial_shops, shop, hangedman_decor_peaks_small,
          uniq_louise
D:15:     grunt_enter_depths_hoard, layout_basic, serial_shops, shop_fountains,
          hangedman_decor_slide_cut
Lair:1:   layout_big_grid, uniq_fannar
Lair:2:   layout_big_grid, palyth_hydra_swamp_entry,
          nicolae_spider_entry_orb_guardian, ebering_ghost_inner_flame,
          minmay_shattered_shrine, uniq_gastronok
Lair:3:   layout_cave_pods
Lair:4:   layout_roguey
Lair:5:   layout_regular_city, uniq_snorg, uniq_sonja
Lair:6:   grunt_lair_end_beastmaster, layout_regular_city,
          nicolae_slime_entry_slimehenge, grunt_megastairs_1
Swamp:1:  layout_falls_marsh, evilmike_swamp_ruin_house_6, swamp_pool2,
          uniq_kirke
Swamp:2:  layout_basic_swamp, evilmike_swamp_ruin_house_2, swamp_pool5,
          hangedman_swamp_wriggling
Swamp:3:  layout_falls_marsh, evilmike_swamp_ruin_rubble_2, swamp_pool3,
          lightli_tree_ring, uniq_roxanne
Swamp:4:  swamp_old_school, layout_basic_swamp
Spider:1: layout_spider_delve
Spider:2: layout_spider_delve, ebering_ghost_xom
Spider:3: layout_spider_delve, drop_trap, nicolae_spider_cling_halls
Spider:4: guppyfry_spider_rune
Slime:1:  layout_caves
Slime:2:  layout_caves, basic_altar
Slime:3:  layout_caves, basic_altar
Slime:4:  layout_caves, nicolae_slime_phagocytosis
Slime:5
Orc:1:    layout_caves, serial_shops, nicolae_shop_crystal, bh_open_orc_temple,
          uniq_erica, uniq_maurice
Orc:2:    st_orc_rangers, layout_caves, gammafunk_ghost_berserking_beasts
Elf:1:    eino_elf_arrival_altar, layout_geoelf_octagon, minivault_28,
          nrook_mini_backslash, uniq_agnes
Elf:2:    layout_geoelf_octagon, minmay_shop_grove
Elf:3:    minmay_elf_hall_x, layout_gridlike, mu_enter_wizlab_3
Vaults:1: nicolae_vaults_shelves_hall, vaults_room_door_ring, v_misc_28,
          ontoclasm_vaults_twist, hangedman_vaults_impose, v_alt_pattern_3,
          grunt_vaults_funnel, ontoclasm_vaults_ring_square,
          nicolae_vaults_what_the_h, ontoclasm_vaults_shout,
          ontoclasm_vaults_decontamination, hangedman_vaults_stitches,
          vaults_dpeg_hooks, vaults_room_stairs_pillars,
          nicolae_vaults_little_ls, layout_vaults_big_cross
Vaults:2: v_misc_12, v_alt_pattern_6, st_lines,
          nicolae_vaults_mini_display_case, vaults_room_pools,
          grunt_vaults_swirl, vaults_room_corners,
          nicolae_vaults_big_angled_halls, nicolae_vaults_network_s,
          nicolae_vaults_specimen_jars, v_misc_15, layout_vaults_omnigrid,
          serial_shops, shop_fountains, uniq_nikola, uniq_bai_suzhen
Vaults:3: vaults_dpeg_diagonal, nicolae_vaults_minivaults,
          ontoclasm_vaults_ring_square, nicolae_vaults_little_squares_3,
          dpeg_vaults_monster_box, minmay_crypt_entry_simple_statues, v_rooms_2,
          vaults_mumra_hex, nicolae_vaults_puzzle_piece,
          nicolae_vaults_angled_halls, vaults_not_door_vault_mu,
          nicolae_vaults_little_squares_1, v_misc_30, layout_vaults_omnibox,
          serial_shops, shop
Vaults:4: vaults_room_hallway, nicolae_vaults_halls_meeting, grunt_vaults_focal,
          nicolae_vaults_three_branches, v_misc_10, hangedman_vaults_trim,
          v_pattern_2, nicolae_vaults_stairing_the_circle, grunt_vaults_twisty,
          nicolae_vaults_rhombus_6, vaults_mumra_lcd, layout_vaults_ring
Vaults:5: uniq_mara
Depths:1: layout_cave_shapes, rand_demon_pan_entry_8,
          grunt_hell_entry_demonic_statue, st_stairs_7,
          nemelex_diamond_rough_becter, serial_bayou_shore_a
Depths:2: minmay_the_grid_triangle_9x9_rhombus_thin
          [minmay_the_grid_triangle_9x9_sprig,
          minmay_the_grid_triangle_9x9_prize_special,
          minmay_the_grid_triangle_9x9_zippers_vertical,
          minmay_the_grid_triangle_9x9_flanged_cone], layout_cave_pools,
          enter_ziggurat_c, hell_entry, abyss_entry_small_statue_room,
          nicolae_sextant, minmay_staircase_windowed_large
Depths:3: grunt_arcs, layout_gridlike, pf_coc_iceberg, pan_entry,
          serial_sigils_hangedman_gut, serial_shops, shop,
          minmay_misc_feat_four_crosses, uniq_margery
Depths:4: hangedman_pleasuredromes, serial_shops, abyss_entry, hell_entry
Depths:5: evilmike_zot_entry_argh, layout_gridlike, pf_hell_entry_tar_spiral,
          rand_demon_pan_entry_7, chequers_serial_rivers_micro_d,
          grunt_decor_cap, uniq_boris
Zot:1:    layout_cathedral_of_symmetry, zot_minivault_5, grunt_megastairs_4
Zot:2:    layout_basic
Zot:3:    layout_misc_corridors, nicolae_transmutations_shop
Zot:4:    layout_misc_corridors
Zot:5:    layout_cathedral_of_symmetry, st_stairs_4

Skill      XL: |  1  2  3  4  5  6  7  8  9 10 11 12 13 14 15 16 17 18 19 20 21 22 23 24 25 26 27 |
---------------+----------------------------------------------------------------------------------+-----
Invocations    | 1 2 3 4 5 6 7 8 9 10 11 12 13 14 15 16 17 19 20 | 20.8
Short Blades   | 1 2 3 4 5 6 7 8 9 10 11 12 13 14 15 16 17 19 | 19.3
Long Blades    | 1 2 3 4 5 6 7 8 9 10 11 12 13 14 15 16 17 19 | 19.3
Axes           | 1 2 3 4 5 6 7 8 9 10 11 12 13 14 15 16 17 18 20 21 | 21.7
Maces & Flails | 1 2 3 4 5 6 7 8 9 10 11 12 13 14 15 16 17 19 | 19.3
Polearms       | 1 2 3 4 5 6 7 8 9 10 11 12 13 14 15 16 17 19 | 19.3
Staves         | 1 2 3 4 5 6 7 8 9 10 11 12 13 14 15 16 17 19 | 19.3
Slings         | 1 2 3 4 5 6 7 8 9 10 11 12 13 14 15 16 17 19 | 19.3
Bows           | 1 2 3 4 5 6 7 8 9 10 11 12 13 14 15 16 17 19 | 19.3
Crossbows      | 1 2 3 4 5 6 7 8 9 10 11 12 13 14 15 16 17 19 | 19.3
Armour         | 1 2 3 4 5 6 7 8 9 10 11 12 13 14 15 16 17 19 | 19.3
Shields        | 1 2 3 4 5 6 7 8 9 10 11 12 13 14 15 16 17 19 | 19.3
Unarmed Combat | 1 2 3 4 5 6 7 8 9 10 11 12 13 14 15 16 17 19 | 19.3
Spellcasting   | 1 2 3 4 5 6 7 8 9 10 11 12 13 14 15 16 17 19 | 19.3
Evocations     | 1 2 3 4 5 6 7 8 9 10 11 12 13 14 15 16 17 19 | 19.3
Conjurations   | 1 2 3 4 5 6 7 8 9 10 11 12 13 14 15 16 | 16.4
Hexes          | 1 2 3 4 5 6 7 8 9 10 11 12 13 14 15 16 | 16.4
Charms         | 1 2 3 4 5 6 7 8 9 10 11 12 13 14 15 |  0.0
Summonings     | 1 2 3 4 5 6 7 8 9 10 11 12 13 14 15 16 | 16.4
Necromancy     | 1 2 3 4 5 6 7 8 9 10 11 12 13 14 15 16 | 16.4
Translocations | 1 2 3 4 5 6 7 8 9 10 11 12 13 14 15 16 | 16.4
Transmutations | 1 2 3 4 5 6 7 8 9 10 11 12 13 14 15 16 | 16.4
Fire Magic     | 1 2 3 4 5 6 7 8 9 10 11 12 13 14 15 17 | 17.2
Ice Magic      | 1 2 3 4 5 6 7 8 9 10 11 12 13 14 15 16 | 16.4
Air Magic      | 1 2 3 4 5 6 7 8 9 10 11 12 13 14 15 16 | 16.4
Earth Magic    | 1 2 3 4 5 6 7 8 9 10 11 12 13 14 15 16 | 16.4
Poison Magic   | 1 2 3 4 5 6 7 8 9 10 11 12 13 14 15 16 | 16.4
Fighting       | 5 6 7 8 9 10 11 12 13 14 15 16 18 19 | 19.7
Dodging        | 5 6 7 8 9 10 11 12 13 14 15 16 18 19 | 19.7
Stealth        | 3 4 5 6 7 8 9 10 11 12 13 14 15 16 17 19 | 19.4
Throwing       | 9 10 11 12 13 14 15 16 17 19 20 | 20.7

Action                   |  1- 3 |  4- 6 |  7- 9 | 10-12 | 13-15 | 16-18 | 19-21 | 22-24 | 25-27 || total
-------------------------+-------+-------+-------+-------+-------+-------+-------+-------+-------++-------
Melee: Short sword       |   120 |   153 |       |       |       |       |       |       |       ||   273
       Punch             |    16 |    27 |    59 |    86 |   252 |   221 |   304 |   319 |   201 ||  1485
       Touch             |       |     1 |     5 |    19 |    54 |       |       |       |       ||    79
       Dagger            |       |    38 |   115 |    34 |   133 |    60 |    41 |    13 |    23 ||   457
       Long sword        |       |       |   288 |   443 |   283 |       |       |       |       ||  1014
       Scimitar          |       |       |       |       |   766 |   646 |       |       |       ||  1412
       Double sword      |       |       |       |       |    70 |   382 |  1077 |   707 |       ||  2236
       Demon trident     |       |       |       |       |       |       |       |   619 |  2741 ||  3360
       Bite              |       |       |       |       |       |       |       |       |   375 ||   375
       Staff             |       |       |       |       |       |       |       |       |    31 ||    31
Throw: Javelin           |     2 |    22 |     4 |    57 |    86 |   108 |    96 |    75 |   117 ||   567
       Throwing net      |       |     4 |       |     1 |       |     1 |     6 |     1 |     4 ||    17
       Dart              |       |       |       |       |    33 |       |       |       |       ||    33
       Boomerang         |       |       |       |       |       |       |       |       |   332 ||   332
 Cast: Animate Skeleton  |       |       |    19 |    50 |   148 |    32 |    30 |    39 |    17 ||   335
       Animate Dead      |       |       |       |       |     6 |    31 |    43 |    36 |    23 ||   139
       Borgnjor's Vile C |       |       |       |       |       |    82 |    65 |    59 |   100 ||   306
       Blink             |       |       |       |       |       |       |     3 |     1 |    12 ||    16
       Olgreb's Toxic Ra |       |       |       |       |       |       |    23 |    33 |       ||    56
       Lee's Rapid Decon |       |       |       |       |       |       |       |       |    18 ||    18
       Freezing Cloud    |       |       |       |       |       |       |       |       |     5 ||     5
       Apportation       |       |       |       |       |       |       |       |       |     5 ||     5
Invok: Lesser Servant of |       |       |       |     6 |    21 |    10 |     3 |     2 |       ||    42
       Minor Destruction |       |       |       |       |     1 |       |       |       |       ||     1
       Greater Servant o |       |       |       |       |     1 |     1 |       |       |       ||     2
Evoke: Wand              |       |       |       |     7 |    29 |    59 |    23 |    26 |    33 ||   177
       Tin of tremorston |       |       |       |       |     7 |     2 |    11 |     1 |     5 ||    26
       Phantom mirror    |       |       |       |       |       |     2 |       |       |       ||     2
  Use: Scroll            |       |     9 |    12 |    11 |     7 |    10 |    13 |     9 |    40 ||   111
       Potion            |       |       |     1 |     7 |     1 |     7 |     3 |       |    14 ||    33
 Stab: Sleeping          |     3 |     1 |     4 |    13 |    26 |    30 |    27 |    25 |    27 ||   156
       Distracted        |       |       |     2 |     3 |    15 |    13 |    35 |    25 |    34 ||   127
       Invisible         |       |       |       |     7 |       |     7 |       |       |       ||    14
       Confused          |       |       |       |       |       |     7 |       |       |       ||     7
       Held in net/web   |       |       |       |       |       |     1 |     1 |     1 |       ||     3
       Paralysed         |       |       |       |       |       |       |     3 |     9 |     2 ||    14
  Eat: Removed food      |     1 |     7 |    13 |    20 |    33 |    31 |    27 |    27 |    13 ||   172
       Removed food      |       |       |       |     2 |     3 |     7 |     6 |     1 |     3 ||    22
Armor: Leather armour    |    28 |    20 |       |       |       |       |       |       |       ||    48
       Ring mail         |       |    13 |       |       |       |       |       |       |       ||    13
       Scale mail        |       |    47 |   164 |   172 |   528 |   118 |       |       |       ||  1029
       Skin              |       |       |       |    47 |       |       |       |       |       ||    47
       Troll leather arm |       |       |       |    10 |       |       |       |       |       ||    10
       Swamp dragon scal |       |       |       |       |       |   245 |    93 |       |       ||   338
       Acid dragon scale |       |       |       |       |       |       |   150 |   159 |   456 ||   765
Dodge: Dodged            |    72 |   131 |   239 |   361 |  1015 |   782 |  1042 |   841 |  1695 ||  6178
       Repelled          |       |     1 |     3 |    11 |    30 |    28 |    22 |    20 |       ||   115
Block: Buckler           |       |       |       |       |   180 |   372 |   186 |       |       ||   738
       Kite shield       |       |       |       |       |       |       |   515 |   777 |  1728 ||  3020
       Rpst.: Long sword |       |       |    61 |    95 |    55 |       |       |       |       ||   211
       Scimitar          |       |       |       |       |   130 |   102 |       |       |       ||   232
       Double sword      |       |       |       |       |    19 |    60 |   183 |    75 |       ||   337

Table legend: (Time is in decaauts)
 A = Elapsed time spent in this place.
 B = Non-inter-level travel time spent in this place.
 C = Inter-level travel time spent in this place.
 D = Time resting spent in this place.
 E = Time spent auto-exploring this place.
 F = Levels seen in this place.
 G = Mean time per level.
                   A        B        C        D        E       F      G
               +--------+--------+--------+--------+--------+-----+--------+
         Total |  81120 |  71631 |   9489 |  12957 |  24954 |  58 | 1398.6 |
       Dungeon |  19897 |  16591 |   3306 |   2419 |   7275 |  15 | 1326.5 |
          Lair |   9101 |   7423 |   1678 |   1662 |   2105 |   6 | 1516.8 |
         Swamp |   5219 |   4802 |    417 |    287 |   2079 |   4 | 1304.8 |
   Spider Nest |   3383 |   3132 |    251 |    147 |   1149 |   4 |  845.8 |
    Slime Pits |    732 |    690 |     42 |    264 |      0 |   5 |  146.4 |
  Orcish Mines |   2660 |   2271 |    389 |     58 |    717 |   2 | 1330.0 |
   Elven Halls |   5828 |   5132 |    696 |   1385 |   1639 |   3 | 1942.7 |
        Vaults |  10624 |   9285 |   1339 |    197 |   4768 |   5 | 2124.8 |
        Depths |   8819 |   7749 |   1070 |   1498 |   2114 |   5 | 1763.8 |
           Zot |  11419 |  11121 |    298 |   3690 |   2763 |   5 | 2283.8 |
         Abyss |     14 |     14 |      0 |      0 |      0 |   1 |   14.0 |
       Ossuary |    343 |    343 |      0 |     10 |     30 |   1 |  343.0 |
        Wizlab |   2442 |   2442 |      0 |   1046 |    312 |   1 | 2442.0 |
      Gauntlet |    634 |    634 |      0 |    290 |      0 |   1 |  634.0 |
               +--------+--------+--------+--------+--------+-----+--------+

Top non-repeatable levels by time:
   Zot:1: 3110 daAuts
   Zot:2: 2740 daAuts
   Zot:5: 2282 daAuts
   Zot:4: 2170 daAuts
   Zot:3: 1115 daAuts
Depths:4: 803 daAuts
    D:14: 332 daAuts
Depths:2: 297 daAuts
Depths:1: 277 daAuts
   Elf:1: 274 daAuts
  Lair:2: 261 daAuts
Vaults:3: 233 daAuts
    D:13: 231 daAuts
Vaults:4: 218 daAuts
Depths:3: 214 daAuts
Note: time per level data comes from an upgraded game and may be incomplete.
